AoeStats
← TocToc.Wolf_silver

Black Forest

507128675Analyzed
3v3 RM · 17d ago on Sep 16, 2026· 22m 0s· 6 players
Game mode
Random Map
Map size
Normal (6 player)
Population
200
Speed
Normal
Resources
Standard
Victory
Conquest
Starting age
Dark Age
Ending age
Imperial Age
RankedLock teamsTeams togetherTeam positionsShared explorationLock speedFull tech treeHidden civsTurbo modeCheats
Victory
Defeat
🇹🇷 Magyars · Türkiye
1596
+9
🇺🇸 Huns · United States
1570
+10
🇺🇸 Dravidians · United States
1535
+11
🇫🇷 Jurchens · France
1525
-14
🇫🇷 Italians · France
1402
-9
🇫🇷 Byzantines · France
1339
-7
Chris
0:39 Loom
19:52 Feudal Age
21:26 Town Watch
Citizen Snips
5:28 Loom
12:15 Feudal Age
17:23 Castle Age
15:10 Double-Bit Axe
15:34 Horse Collar
17:14 Wheelbarrow
LonzoWall
1:09 Loom
11:28 Feudal Age
12:05 Double-Bit Axe
12:40 Town Watch
14:31 Horse Collar
23:10 Castle Age
21:20 Scale Barding Armor
Drogly
0:33 Loom
12:15 Feudal Age
16:52 Castle Age
17:38 Double-Bit Axe
18:35 Horse Collar
TocToc.Wolf_silver
0:46 Loom
20:08 Feudal Age
21:04 Double-Bit Axe
La Baltringue Rouge
1:16 Loom
16:19 Feudal Age
20:25 Castle Age
21:09 Double-Bit Axe
21:05 Horse Collar
Connection lost

Rejoining the realm…

Still unreachable

The connection could not be restored.

Session expired

The server has moved on; the page needs a fresh start.